 Dungeon Crawl Stone Soup version 0.30-a0-722-g3e6e8c874d (webtiles) character file.

Game seed: 15124923106196254293

872 browni3141 the Ruffian (level 7, 0/68 HPs)
             Began as a Troll Berserker on Jan 27, 2023.
             Was a Priest of Trog.
             Succumbed to a water moccasin's poison
             ... on level 5 of the Dungeon.
             The game lasted 00:02:46 (2884 turns).

browni3141 the Ruffian (Troll Berserker)            Turns: 2884, Time: 00:02:46

Health: 0/68       AC:  4    Str: 28    XL:     7   Next: 74%
Magic:  6/6        EV: 10    Int:  3    God:    Trog [***...]
Gold:   112        SH:  0    Dex:  9    Spells: 6/6 levels left

rFire   . . .      SeeInvis +      - Unarmed
rCold   . . .      Faith    .    (no shield)
rNeg    . . .      Spirit   .    a - +0 animal skin
rPois   .          Reflect  .    (helmet restricted)
rElec   .          Harm     .    (no cloak)
rCorr   .          Rampage  .    (gloves unavailable)
Will    .....                    (boots unavailable)
Stlth   ++                       (no amulet)
HPRegen 1.11/turn                d - ring of see invisible
MPRegen 0.10/turn                h - ring of flight

@: lethally poisoned (0 -> -13), on berserk cooldown, flying, slowed, very slow
A: large, unfitting armour, claws 3, regeneration 1, shaggy fur 1, tough skin 1
a: Renounce Religion, Berserk, Trog's Hand


You were on level 5 of the Dungeon.
You worshipped Trog.
Trog was most pleased with you.
You visited 1 branch of the dungeon, and saw 5 of its levels.

You collected 222 gold pieces.
You spent 110 gold pieces at shops.

Inventory:

Missiles
 n - 5 javelins
 p - 4 boomerangs (quivered)
Armour
 a - a +0 animal skin (worn)
Jewellery
 d - a ring of see invisible (left claw)
 h - a ring of flight (right claw)
Scrolls
 e - 2 scrolls of fog {unknown}
 g - 3 scrolls of identify {unknown}
 i - a scroll of blinking {unknown}
 j - 2 scrolls of amnesia {unknown}
 k - a scroll of vulnerability {unknown}
 l - a scroll of poison {unknown}
 m - a scroll of fear {unknown}
 r - 2 scrolls of teleportation {unknown}
 t - a scroll of torment {unknown}
Potions
 b - 4 potions of mutation
 c - 3 potions of curing
 f - a potion of berserk rage {unknown}
 o - 4 potions of flight {unknown}
 q - a potion of haste {unknown}
 s - a potion of heal wounds {unknown}
 u - a potion of might {unknown}


   Skills:
 + Level 3.7 Fighting
 * Level 3.6 Throwing
 + Level 3.6 Dodging
 - Level 2.0 Stealth
 * Level 5.6 Unarmed Combat


You had 6 spell levels left.
You didn't know any spells.
Your spell library was empty.

Dungeon Overview and Level Annotations

Branches:
Dungeon (5/15)             Temple (0/1) D:4

Altars:
Sif Muna
Uskayaw

Shops:
D:3 !   D:5 *


Innate Abilities, Weirdness & Mutations

You are too large for most types of armour.
You have claws for hands.
Your natural rate of healing is unusually fast.
You are covered in fur. (AC +1)
You have tough skin. (AC +1)


Message History

Trog accepts your kill.
Your life force feels restored.
A water moccasin comes into view.
The water moccasin bites you but does no damage.
You see here a necrophage corpse.
You miss the water moccasin. The water moccasin closely misses you.
The water moccasin bites you!
A water moccasin is nearby!
You barely miss the water moccasin.
The water moccasin bites you but does no damage.
The water moccasin bites you.
You are poisoned.
The water moccasin poisons you!
A water moccasin is nearby!
A water moccasin is nearby!
A water moccasin is nearby!
A water moccasin is nearby!
You closely miss the water moccasin.
You feel very sick. The water moccasin closely misses you.
You miss the water moccasin.
You feel very sick. The water moccasin bites you.
You are more poisoned.
The water moccasin poisons you! The water moccasin bites you!
You are more poisoned.
The water moccasin poisons you!
You closely miss the water moccasin. Your claw misses the water moccasin.
You feel extremely sick. The water moccasin bites you. x2
* * * LOW HITPOINT WARNING * * *
You barely miss the water moccasin.
* * * LOW HITPOINT WARNING * * *
You feel extremely sick. The water moccasin closely misses you.
The water moccasin bites you!
* * * LOW HITPOINT WARNING * * *
You are too injured to fight recklessly!
You scratch the water moccasin.
The water moccasin is lightly wounded.
You die...

......#.⌠.#≈≈#.⌠.#.........
......#...#≈≈#...#..)......
.......###≈≈≈≈###..........
.........~~≈≈≈≈............
.........~≈≈≈≈~............
...##..###≈≈≈~###..........
.#.##.# ..#≈≈#...#.........
##.... ⌠.#≈ #.⌠.#.#.......
# #..@#.#.......
#~..~###S.##...... .....
..# ...... .... .## ... ...
$# ... .. .. ..


You could see a water moccasin.

Vanquished Creatures
  Menkaure (D:4)
  2 ice beasts (D:5)
  An ogre (D:5)
  3 necrophages
  A scorpion (D:4)
  A hound (D:5)
  An orc priest (D:4)
  2 iguanas
  An orc wizard (D:4)
  3 adders
  A white imp (D:4)
  A dart slug (D:1)
  A worm (D:4)
  4 orcs
  9 endoplasms
  3 giant cockroaches
  6 goblins
  8 hobgoblins
  2 kobolds (D:1)
  8 quokkas
  4 ball pythons
  2 bats (D:1)
  2 frilled lizards
  7 rats
74 creatures vanquished.

Notes
Turn   | Place    | Note
-------+----------+-------------------------------------------
     0 | D:1      | browni3141 the Troll Berserker began the quest for the Orb.
     0 | D:1      | Reached XP level 1. HP: 22/22 MP: 0/0
   163 | D:1      | Reached skill level 1 in Stealth
   163 | D:1      | Reached XP level 2. HP: 29/29 MP: 1/1
   436 | D:1      | Reached ** piety under Trog
   479 | D:2      | Reached XP level 3. HP: 31/36 MP: 2/2
   550 | D:2      | Found a hide-covered altar of Uskayaw.
  1322 | D:3      | Found a faded altar of an unknown god.
  1340 | D:3      | Found Juaqoatu's Distillery.
  1344 | D:3      | Bought a potion of mutation for 80 gold pieces
  1344 | D:3      | Bought a potion of curing for 30 gold pieces
  1431 | D:3      | Reached XP level 4. HP: 44/44 MP: 3/3
  1926 | D:4      | Noticed a scorpion
  1931 | D:4      | Killed a scorpion
  1970 | D:4      | Noticed Menkaure
  2030 | D:4      | Reached XP level 5. HP: 52/52 MP: 4/4
  2038 | D:4      | Killed Menkaure
  2039 | D:4      | Reached skill level 1 in Throwing
  2039 | D:4      | Reached skill level 4 in Unarmed Combat
  2112 | D:4      | Reached XP level 6. HP: 51/61 MP: 5/5
  2309 | D:4      | Found a staircase to the Ecumenical Temple.
  2470 | D:4      | Found a shimmering blue altar of Sif Muna.
  2561 | D:5      | Entered Level 5 of the Dungeon
  2580 | D:5      | Found Loama's Mayhem Merchandise.
  2583 | D:5      | Found the +6 lightning scales {swift, rElec}
  2701 | D:5      | Reached XP level 7. HP: 55/67 MP: 6/6
  2736 | D:5      | Reached skill level 5 in Unarmed Combat
  2860 | D:5      | Reached *** piety under Trog
  2884 | D:5      | Succumbed to a water moccasin's poison

Illustrated notes

Levels and vault maps discovered:
D:1:      dpeg_arrival_short_road, layout_rooms
D:2:      layout_basic, basic_altar
D:3:      layout_loops_ring, serial_shops, nicolae_shop_statue_plus,
          shapermc_ecumenical_altar_pompeii, nrook_loot_triangle
D:4:      layout_cave_pools, mainiacjoe_overflow_alcove_4,
          minmay_temple_entry_ruins, serial_column_ruins,
          column_ruins_courtyard_long, column_ruins_hut,
          column_ruins_columns_straight, column_ruins_corridor_dead_end,
          column_ruins_columns_corner, column_ruins_open_small,
          column_ruins_open_tiny, uniq_menkaure
D:5:      layout_cave_pods, minmay_shop_mayhem, fountainhead,
          minmay_guarded_unrand_staff_of_olgreb

Skill      XL: |  1  2  3  4  5  6  7 |
---------------+----------------------+-----
Stealth        | 1 2 |  2.0
Fighting       | 3 |  3.7
Throwing       | 1 2 3 |  3.6
Dodging        | 3 |  3.6
Unarmed Combat | 4 5 |  5.6

Action                     |  1- 3 |  4- 6 |  7- 9 || total
---------------------------+-------+-------+-------++-------
  Melee: Unarmed           |    76 |    74 |    31 ||   181
         Punch             |     2 |     1 |     1 ||     4
  Throw: Boomerang         |       |     3 |       ||     3
 Invoke: Berserk           |       |     2 |     1 ||     3
   Stab: Sleeping          |     4 |     2 |       ||     6
 Armour: Animal skin       |    21 |    11 |     5 ||    37
  Dodge: Dodged            |    30 |    21 |    11 ||    62

Table legend: (Time is in decaauts)
 A = Elapsed time spent in this place.
 B = Non-inter-level travel time spent in this place.
 C = Inter-level travel time spent in this place.
 D = Time resting spent in this place.
 E = Time spent auto-exploring this place.
 F = Levels seen in this place.
 G = Mean time per level.
                   A        B        C        D        E       F      G
               +--------+--------+--------+--------+--------+-----+--------+
         Total |   2899 |   2819 |     80 |    135 |   2189 |   5 |  579.8 |
       Dungeon |   2899 |   2819 |     80 |    135 |   2189 |   5 |  579.8 |
               +--------+--------+--------+--------+--------+-----+--------+

Top non-repeatable levels by time:
     D:3: 720 daAuts
     D:2: 709 daAuts
     D:4: 693 daAuts
     D:1: 450 daAuts
     D:5: 325 daAuts
